cohdb
Replays
Latest Replays
All Replays
Popular Replays
Top Player Replays
Match Explorer
How It Works
Community
CoH3 Stats
Reddit
Sign in to upload your games and track your stats! →
Sign in with Steam
Match 45376961
Unlisted
Match 45376961
Overview
Messages
Build Orders
End
Pioneer Squad
Pioneer Squad
Pioneer Squad
Selects Breakthrough Battlegroup
Selects Assault Grenadiers
Pioneer Squad
Pioneer Squad
Construct Infanterie Kompanie
Construct Luftwaffe Kompanie
Flak 30 Anti-aircraft Gun Team
Flak 30 Anti-aircraft Gun Team
Flak 30 Anti-aircraft Gun Team
Medical Station
Kettenkrad Recon Vehicle
Selects Rapid Production
Support Elements
Kettenkrad Recon Vehicle
Selects Smoke Bombing Run
Selects Incendiary Bombing Run
Wirbelwind Flakpanzer
Incendiary Bombing Run
Jäger Squad
Kettenkrad Recon Vehicle
Kettenkrad Recon Vehicle
2.0
FeriG
0
0
Comments
sign in to comment!
No comments posted yet!